 Dungeon Crawl Stone Soup version 0.30-a0-1160-g6e42c06551 (webtiles) character file.

Game seed: 15695625802382722180

22578 Ahpoh the Fencer (level 13, 0/70 HPs)
             Began as a Vine Stalker Berserker on Apr 26, 2023.
             Was a High Priest of Trog.
             Killed from afar by a deep elf knight (17 damage)
             ... with a shard of ice
             ... on level 13 of the Dungeon.
             The game lasted 00:49:16 (12908 turns).

Ahpoh the Fencer (Vine Stalker Berserker)          Turns: 12908, Time: 00:49:17

Health: 0/70       AC: 20    Str: 21    XL:     13   Next: 1%
Magic:  0/14       EV: 11    Int:  7    God:    Trog [*****.]
Gold:   825        SH:  0    Dex: 18    Spells: 12/12 levels left

rFire   . . .        D - +2 triple sword (heavy)
rCold   . . .        (shield currently unavailable)
rNeg    + . .        c - +0 chain mail
rPois   .            I - +2 hat
rElec   .            l - +1 cloak
rCorr   .            G - +0 pair of gloves
SInv    .            L - +1 pair of boots
Will    ++...        e - amulet of regeneration Stlth
                     M - ring of positive energy
HPRegen 1.91/turn    H - ring of willpower
MPRegen 0.14/turn

%: guardian spirit
@: studying Armour
A: fangs 3, regeneration 1, magic shield, antimagic bite, no potion heal 2
a: Renounce Religion, Berserk, Trog's Hand, Brothers in Arms


You were on level 13 of the Dungeon.
You worshipped Trog.
Trog was extremely pleased with you.
You visited 1 branch of the dungeon, and saw 13 of its levels.
You also visited: Sewer.

You collected 825 gold pieces.

Inventory:

Hand Weapons
 a - a +0 falchion
 D - a +2 heavy triple sword (weapon)
 R - a +1 great sword of flaming
Missiles
 A - a throwing net (quivered)
Armour
 c - a +0 chain mail (worn)
 l - a +1 cloak (worn)
 G - a +0 pair of gloves (worn)
 I - a +2 hat (worn)
 L - a +1 pair of boots (worn)
Jewellery
 e - an amulet of regeneration (around neck)
 C - a ring of poison resistance
 H - a ring of willpower (right hand)
 M - a ring of positive energy (left hand)
Wands
 w - a wand of roots (14)
 N - a wand of flame (7)
 P - a wand of acid (11)
 Q - a wand of paralysis (10)
Scrolls
 b - 2 scrolls of blinking
 j - 2 scrolls of vulnerability
 p - a scroll of summoning
 q - 2 scrolls of fear
 r - a scroll of amnesia
 s - 2 scrolls of magic mapping
 t - 4 scrolls of poison
 u - 4 scrolls of silence
 y - 4 scrolls of teleportation
 F - 3 scrolls of immolation
 J - 3 scrolls of enchant weapon {unknown}
 O - a scroll of brand weapon {unknown}
Potions
 d - 8 potions of heal wounds
 f - 6 potions of attraction
 g - 3 potions of might
 h - 8 potions of curing
 i - 2 potions of magic {unknown}
 k - a potion of ambrosia {unknown}
 m - 5 potions of invisibility {unknown}
 n - 3 potions of haste {unknown}
 o - 3 potions of mutation {unknown}
 v - 2 potions of lignification {unknown}
 x - a potion of degeneration {unknown}
 z - a potion of brilliance {unknown}
 B - a potion of resistance {unknown}
 K - a potion of flight {unknown}
Miscellaneous
 E - a phantom mirror


   Skills:
 + Level 9.3 Fighting
 + Level 15.6 Long Blades
 + Level 0.4 Throwing
 + Level 11.4 Armour
 + Level 4.6 Dodging
 + Level 2.1 Stealth
 + Level 3.6 Shields


You had 12 spell levels left.
You didn't know any spells.
Your spell library was empty.

Dungeon Overview and Level Annotations

Branches:
Dungeon (13/15)            Temple (0/1) D:6            Lair (0/5) D:10
    Orc (0/2) D:10          Sewer (visited)
 Vaults: D:13-14

Altars:
Dithmenos
Elyvilon
Gozag
Kikubaaqudgha
Makhleb
Okawaru
Qazlal
Uskayaw
Xom
Yredelemnul
The Shining One

Shops:
D:2 :   D:6 *==   D:9 *   D:11 ((*   D:13 ?[=


Innate Abilities, Weirdness & Mutations

You have razor-sharp teeth.
Your natural rate of healing is unusually fast.
When hurt, damage is shared between your health and your magic reserves.
Your bite disrupts and absorbs the magic of your enemies.
Potions cannot restore your health.


Message History

The deep elf knight seems to speed up.
A deep elf pyromancer comes into view. It is wielding a +0 dagger.
The centaur shoots an arrow.
The arrow barely misses you.
The arrow hits the deep elf zephyrmancer.
The centaur shoots an arrow.
The arrow hits you.
The deep elf zephyrmancer mumbles some strange words.
The deep elf zephyrmancer blinks!
An ogre comes into view. It is wielding a +0 giant club.
You hear two shouts!
The centaur shoots an arrow.
The arrow hits you but does no damage.
The centaur warrior skeleton closely misses you.
The centaur warrior skeleton kicks you but does no damage.
The centaur shoots an arrow.
The arrow completely misses you.
The centaur shoots an arrow.
The arrow hits you!
You hear a shout!
A centaur warrior skeleton comes into view.
The deep elf knight casts a spell at you.
The lance of force misses you.
The centaur warrior skeleton attacks as you move away!
The centaur warrior skeleton hits you but does no damage.
The centaur warrior skeleton kicks you but does no damage.
The deep elf knight attacks as you move away!
The deep elf knight hits you with a +0 long sword!
The centaur warrior skeleton attacks as you move away!
The centaur warrior skeleton closely misses you.
The centaur warrior skeleton barely misses you.
The deep elf knight hits you but does no damage.
The deep elf knight attacks as you move away!
The deep elf knight hits you with a +0 long sword!!
The deep elf knight points at you and mumbles some strange words.
The lance of force hits you!
You are knocked back by the lance of force.
You slam into the rock wall!
There is an open door here.
The deep elf knight attacks as you move away!
The deep elf knight hits you with a +0 long sword!!
* * * LOW HITPOINT WARNING * * *
The deep elf knight casts a spell at you.
The shard of ice hits you!!
You die...

....#######....##..# #.#..#.#
................#..#
##.#..#.##
####............#..#
.........
#............#..#####.#..#.##
#......<.....#..Ze.ec........
#............##.c..ce........
#########+#####Z#####.#..#.##
#.#####e# #..........
#...[@'.#..##.#..#.##
#######.#. #e#..# # #####.#
ยง## .# #...#.# . .# #.#.#.#
# # #.#.#.# ######.#.#.#
#....<...#.# #.####.###.#


You could see a deep elf knight (fast).

Vanquished Creatures
  The ghost of greenreed the Fighter, a journeyman MiFi of Nemelex Xobeh (D:12)
  5 two-headed ogres
  A centaur warrior (D:12)
  Nergalle (D:10)
  An obsidian statue (D:10)
  4 deep elf pyromancers
  An orange crystal statue (D:12)
  An ugly thing (D:13)
  A cyclops (D:13)
  2 manticores
  An unseen horror (D:12)
  A rime drake (shapeshifter) (D:12)
  A rime drake (D:10)
  An efreet (D:13)
  4 trolls
  A hornet (D:9)
  2 polar bears (D:10)
  Prince Ribbit (D:8)
  3 shadows
  2 wyverns
  A wraith (D:13)
  15 yaks
  8 vampire mosquitoes
  Menkaure (D:4)
  A steam dragon (D:7)
  4 water moccasins
  An acid dragon (D:9)
  7 orc warriors
  8 ice beasts
  A sky beast (D:8)
  A black bear (D:6)
  4 ogres
  3 wolves (D:10)
  2 centaurs
  2 phantoms
  5 kobold brigands
  2 bullfrogs
  3 gnoll sergeants
  A necrophage (D:4)
  4 scorpions
  17 wights
  19 killer bees
  2 howler monkeys
  7 orc priests
  A hound (D:7)
  6 jellies
  Crazy Yiuf (D:2)
  A gnoll bouda (D:6)
  2 sleepcaps (D:7)
  3 iguanas
  Ijyb (D:4)
  8 orc wizards
  A hound skeleton (D:4)
  15 gnolls
  7 adders
  3 worms
  A dart slug (D:4)
  26 orcs
  6 ball pythons
  18 endoplasms
  6 giant cockroaches
  4 goblins
  9 hobgoblins
  A jackal (D:3)
  4 quokkas
  4 bats
  6 frilled lizards
  19 kobolds
  8 rats
315 creatures vanquished.

Vanquished Creatures (others)
  3 fungi (D:2)
3 creatures vanquished.

Grand Total: 318 creatures vanquished

Notes
Turn   | Place    | Note
-------+----------+-------------------------------------------
     0 | D:1      | Ahpoh the Vine Stalker Berserker began the quest for the
                  | Orb.
     0 | D:1      | Reached XP level 1. HP: 11/11 MP: 2/2
   149 | D:1      | Reached XP level 2. HP: 16/16 MP: 3/3
   346 | D:1      | Reached skill level 3 in Long Blades
  1166 | D:2      | Reached XP level 3. HP: 20/20 MP: 4/4
  1226 | D:2      | Found Teraf's Book Shop.
  1432 | D:2      | Gained mutation: Your natural rate of healing is unusually
                  | fast. [Vine Stalker growth]
  1432 | D:2      | Reached XP level 4. HP: 12/24 MP: 3/5
  1732 | D:2      | Found a runed translucent door.
  1733 | D:2      | Noticed Crazy Yiuf
  1838 | D:2      | Killed Crazy Yiuf
  1839 | D:2      | Reached XP level 5. HP: 28/28 MP: 6/6
  1957 | D:3      | Found a glowing drain.
  1976 | D:3      | Reached ** piety under Trog
  2008 | Sewer    | Entered a sewer
  2069 | Sewer    | Reached skill level 4 in Long Blades
  2222 | Sewer    | Found a viscous altar of Jiyva.
  2332 | Sewer    | Reached XP level 6. HP: 31/32 MP: 7/7
  2495 | D:3      | Reached *** piety under Trog
  2866 | D:3      | Noticed an ice beast
  2877 | D:3      | Killed an ice beast
  2878 | D:3      | Reached skill level 5 in Long Blades
  2881 | D:3      | Reached XP level 7. HP: 37/37 MP: 6/8
  2968 | D:4      | Noticed Menkaure
  3006 | D:4      | Killed Menkaure
  3421 | D:4      | Found a burning altar of Makhleb.
  3475 | D:4      | Noticed Ijyb
  3495 | D:4      | Killed Ijyb
  3819 | D:5      | Entered Level 5 of the Dungeon
  4004 | D:5      | Reached skill level 6 in Long Blades
  4004 | D:5      | Gained mutation: You have razor-sharp teeth. [Vine Stalker
                  | growth]
  4004 | D:5      | Reached XP level 8. HP: 42/42 MP: 6/9
  4189 | D:5      | Identified a scroll of acquirement
  4190 | D:5      | Acquired a manual of Long Blades
  4592 | D:6      | Found Zolenus's Assorted Antiques.
  4614 | D:6      | Found a shadowy altar of Dithmenos.
  4759 | D:6      | Reached skill level 7 in Long Blades
  4817 | D:6      | Found a shimmering altar of Xom.
  4818 | D:6      | Found a basalt altar of Yredelemnul.
  4819 | D:6      | Found a hide-covered altar of Uskayaw.
  4819 | D:6      | Found a stormy altar of Qazlal.
  4819 | D:6      | Found a glowing golden altar of the Shining One.
  4819 | D:6      | Found a white marble altar of Elyvilon.
  4822 | D:6      | Found an ancient bone altar of Kikubaaqudgha.
  4824 | D:6      | Found an opulent altar of Gozag.
  4834 | D:6      | Reached skill level 1 in Stealth
  4953 | D:6      | Found Fehagate's Jewellery Shoppe.
  4999 | D:6      | Reached skill level 8 in Long Blades
  5002 | D:6      | Reached skill level 5 in Fighting
  5131 | D:6      | Found an iron altar of Okawaru.
  5167 | D:6      | Reached XP level 9. HP: 22/47 MP: 10/10
  5438 | D:6      | Found a staircase to the Ecumenical Temple.
  5481 | D:6      | Found Rede's Jewellery Shoppe.
  5549 | D:6      | Reached skill level 9 in Long Blades
  5670 | D:6      | Reached skill level 5 in Armour
  6112 | D:7      | Reached skill level 10 in Long Blades
  6477 | D:7      | Reached skill level 11 in Long Blades
  6483 | D:7      | Reached XP level 10. HP: 53/53 MP: 11/11
  6860 | D:8      | Reached **** piety under Trog
  6872 | D:8      | Reached skill level 12 in Long Blades
  7242 | D:8      | Noticed a two-headed ogre
  7252 | D:8      | Killed a two-headed ogre
  7401 | D:8      | Noticed Prince Ribbit
  7428 | D:8      | Killed Prince Ribbit
  7481 | D:8      | Identified the +1 leather armour of Agixuj {rF+}
  7999 | D:9      | Reached skill level 13 in Long Blades
  8185 | D:9      | Reached XP level 11. HP: 58/58 MP: 12/12
  8313 | D:9      | Reached skill level 1 in Shields
  8376 | D:9      | Found Fistrarre's Assorted Antiques.
  8852 | D:10     | Entered Level 10 of the Dungeon
  8858 | D:10     | Noticed a two-headed ogre
  8868 | D:10     | Killed a two-headed ogre
  8991 | D:10     | Found a staircase to the Lair.
  9261 | D:10     | Reached ***** piety under Trog
  9265 | D:10     | Noticed an obsidian statue
  9287 | D:10     | Killed an obsidian statue
  9288 | D:10     | Reached skill level 14 in Long Blades
  9331 | D:10     | Found a staircase to the Orcish Mines.
  9331 | D:10     | Noticed Nergalle
  9340 | D:10     | Killed Nergalle
  9983 | D:11     | Reached XP level 12. HP: 46/65 MP: 9/13
 10018 | D:11     | Noticed a two-headed ogre
 10030 | D:11     | Killed a two-headed ogre
 10181 | D:11     | Found Iluloud's General Store.
 10217 | D:11     | Found Jicvy's Weapon Shoppe.
 10289 | D:11     | Found Loiprepi's Weapon Shop.
 10308 | D:11     | Reached skill level 10 in Armour
 11040 | D:12     | Noticed a two-headed ogre
 11048 | D:12     | Killed a two-headed ogre
 11134 | D:12     | Noticed a two-headed ogre
 11140 | D:12     | Killed a two-headed ogre
 11214 | D:12     | Noticed a centaur warrior
 11226 | D:12     | Killed a centaur warrior
 11355 | D:12     | Received a gift from Trog
 11369 | D:12     | Reached skill level 15 in Long Blades
 11887 | D:12     | Found a runed translucent door.
 11887 | D:12     | Noticed greenreed's ghost (journeyman MiFi)
 11896 | D:12     | Killed greenreed's ghost
 12300 | D:13     | Found Ylimn's Jewellery Emporium.
 12345 | D:13     | Found Ismof's Armour Shop.
 12367 | D:13     | Found Valuf's Magic Scroll Boutique.
 12768 | D:13     | Reached XP level 13. HP: 70/70 MP: 14/14
 12908 | D:13     | Killed from afar by a deep elf knight

Illustrated notes

Levels and vault maps discovered:
D:1:      sevenhm_arrival_forest_fort_large_4, layout_basic, nrook_campfire
D:2:      layout_basic, serial_shops, nicolae_shop_just_a_little_nook,
          uniq_crazy_yiuf_cottage
D:3:      layout_rooms, cheibrodos_sewer_entry_drain, minmay_misc_feat_enclosed,
          st_stairs_12, kennysheep_decorative_pillar, kennysheep_cross_room,
          minmay_divided_ellipse
D:4:      layout_basic, makhleb_blood_cavern_becter, kennysheep_crisscross,
          kennysheep_nondescript, uniq_ijyb, uniq_menkaure
D:5:      layout_gridville, bh_walls_and_bars
D:6:      layout_basic, nicolae_overflow_hidden_temple, minitemple,
          okawaru_gym_becter, minmay_temple_entry_stoned_glass, serial_shops,
          nicolae_diamond_shop, shop, shop
D:7:      layout_loops_cross, dk_noncrumbling_3, corexii_checkpoint_a,
          minmay_manual_monstrance
D:8:      layout_cave_pods, uniq_prince_ribbit1
D:9:      layout_roguey, serial_shops, nicolae_shop_hallway_plus,
          hangedman_minor_gate_pass
D:10:     layout_long_grid, hellmonk_lair_entry_icy,
          minmay_orc_entry_temple_small, minivault_15, uniq_nergalle
D:11:     layout_stronghold, serial_shops, shop, shop,
          nicolae_shop_bloodbath_and_beyond
D:12:     layout_loops_ring, ebering_ghost_inner_flame, minmay_misc_feat_tiny,
          minmay_crystal_water, minivault_16
D:13:     layout_basic, hangedman_vaults_entry_quadrant_bands, serial_shops,
          nicolae_shop_tiny_waterfront, nicolae_shop_hallway_plus, shop

Skill      XL: |  1  2  3  4  5  6  7  8  9 10 11 12 |
---------------+-------------------------------------+-----
Fighting       | 3 4 5 6 7 8 9 |  9.3
Long Blades    | 3 4 5 6 8 11 13 14 15 | 15.6
Armour         | 2 3 4 6 8 9 11 | 11.4
Dodging        | 2 3 4 |  4.6
Stealth        | 1 2 |  2.1
Shields        | 3 |  3.6
Throwing       | |  0.4

Action                     |  1- 3 |  4- 6 |  7- 9 | 10-12 | 13-15 || total
---------------------------+-------+-------+-------+-------+-------++-------
  Melee: Falchion          |    62 |   152 |   168 |       |       ||   382
         Bite              |    18 |    39 |   125 |   150 |       ||   332
         Punch             |       |       |     4 |       |       ||     4
         Scimitar          |       |       |   144 |   343 |       ||   487
         Triple sword      |       |       |       |   152 |     1 ||   153
  Throw: Throwing net      |       |       |       |     1 |       ||     1
 Invoke: Berserk           |     1 |     6 |     8 |    14 |       ||    29
         Trog's Hand       |       |       |       |     1 |       ||     1
    Use: Scroll            |       |       |    10 |     8 |       ||    18
         Potion            |       |       |       |     1 |       ||     1
 Armour: Ring mail         |    23 |    45 |    14 |       |       ||    82
         Scale mail        |       |       |     8 |       |       ||     8
         Chain mail        |       |       |    91 |   302 |     7 ||   400
  Dodge: Dodged            |    55 |    67 |   131 |   276 |     7 ||   536
  Block: Kite shield       |       |       |       |    71 |       ||    71

Table legend: (Time is in decaauts)
 A = Elapsed time spent in this place.
 B = Non-inter-level travel time spent in this place.
 C = Inter-level travel time spent in this place.
 D = Time resting spent in this place.
 E = Time spent auto-exploring this place.
 F = Levels seen in this place.
 G = Mean time per level.
                   A        B        C        D        E       F      G
               +--------+--------+--------+--------+--------+-----+--------+
         Total |  13252 |  12694 |    558 |   1115 |   8399 |  14 |  946.6 |
       Dungeon |  12824 |  12266 |    558 |   1002 |   8306 |  13 |  986.5 |
         Sewer |    427 |    427 |      0 |    113 |     92 |   1 |  427.0 |
               +--------+--------+--------+--------+--------+-----+--------+

Top non-repeatable levels by time:
     D:6: 1409 daAuts
    D:11: 1185 daAuts
    D:12: 1155 daAuts
     D:8: 1099 daAuts
     D:1: 1080 daAuts
    D:10: 1053 daAuts
     D:7: 905 daAuts
     D:9: 872 daAuts
     D:4: 845 daAuts
     D:2: 835 daAuts
    D:13: 817 daAuts
     D:5: 799 daAuts
     D:3: 765 daAuts
   Sewer: 427 daAuts
